 Dungeon Crawl Stone Soup version 0.28-a0-697-g47f3eba078 (webtiles) character file.

Game seed: 6078590970731759006

352 bande the Covered (level 6, -4/38 HPs)
             Began as a Gargoyle Fighter on Oct 23, 2021.
             Slain by a killer bee (7 damage)
             ... on level 4 of the Dungeon.
             The game lasted 00:05:18 (4140 turns).

bande the Covered (Gargoyle Fighter)                Turns: 4140, Time: 00:05:19

Health: -4/38      AC: 11    Str: 20    XL:     6   Next: 61%
Magic:  6/6        EV:  9    Int:  9    God:
Gold:   201        SH:  4    Dex: 10    Spells: 5/5 levels left

rFire   . . .      SeeInvis .   a - +1 war axe
rCold   . . .      Faith    .   c - +0 buckler
rNeg    + . .      Spirit   .   b - +0 scale mail
rPois   ∞          Reflect  .   (no helmet)
rElec   +          Harm     .   (no cloak)
rCorr   .          Rampage  .   (no gloves)
Will    .....                   (no boots)
Stlth   ..........              (no amulet)
HPRegen 0.12/turn               (no ring)
MPRegen 0.10/turn               (no ring)

@: no status effects
A: sickness immunity, AC +4, negative energy resistance 1, electricity
resistance, torment resistance 1, petrification resistance
a: no special abilities


You were on level 4 of the Dungeon.
You visited 1 branch of the dungeon, and saw 4 of its levels.

You collected 201 gold pieces.

Inventory:

Hand Weapons
 a - a +1 war axe (weapon)
 h - a +0 flail
Armour
 b - a +0 scale mail (worn)
 c - a +0 buckler (worn)
Wands
 k - a wand of paralysis (8)
 l - a wand of flame (15)
Scrolls
 e - a scroll of fog {unknown}
 f - 2 scrolls of teleportation
 g - a scroll of enchant weapon
 i - a scroll of identify
 j - a scroll of amnesia {unknown}
Potions
 d - a potion of might


   Skills:
 + Level 4.1 Fighting
 + Level 4.2 Axes
 + Level 4.9 Armour
 + Level 4.0 Shields
 * Level 1.2 Evocations


You had 5 spell levels left.
You didn't know any spells.
Your spell library contained the following spells:

 Spells                   Type           Power      Damage    Failure   Level
 Magic Dart               Conj           0%         1d3       73%         1
 Call Imp                 Summ           0%         N/A       86%         2
 Ignite Poison            Fire/Tmut/Pois 0%         N/A       97%         3
 Mephitic Cloud           Conj/Pois/Air  0%         N/A       97%         3
 Stone Arrow              Conj/Erth      0%         3d7       97%         3
 Animate Armour           Summ/Erth      0%         N/A       100%        4
 Freezing Cloud           Conj/Ice/Air   0%         6-21      100%        5
 Summon Forest            Summ/Tloc      0%         N/A       100%        5
 Summon Mana Viper        Hex/Summ       0%         N/A       100%        5
 Summon Cactus Giant      Summ           0%         N/A       100%        6
 Lehudib's Crystal Spear  Conj/Erth      0%         10d2      100%        8


Dungeon Overview and Level Annotations

Branches:
Dungeon (4/15)
 Temple: D:4-7

Altars:
Zin
The Shining One

Shops:
D:2 [


Innate Abilities, Weirdness & Mutations

You are immune to sickness and miasma.
Your stone body is resilient. (AC +4)
You are immune to poison.
You resist negative energy. (rN+)
You are resistant to electric shocks. (rElec)
You are resistant to unholy torment.
You are immune to petrification.


Message History

You miss the killer bee. x3
The killer bee stings you but does no damage.
The killer bee closely misses you. The killer bee stings you.
The killer bee stings you but does no damage. x2
The killer bee misses you. The killer bee barely misses you.
You block the killer bee's attack.
The killer bee stings you but does no damage.
You miss the killer bee. You hit the killer bee. You miss the killer bee.
You block the killer bee's attack. The killer bee stings you.
The killer bee barely misses you. The killer bee stings you.
The killer bee closely misses you. The killer bee barely misses you.
A killer bee comes into view.
The killer bee closely misses you.
Unknown command.
You hit the killer bee.
The killer bee is moderately wounded.
You hit the killer bee. You closely miss the killer bee.
The killer bee stings you but does no damage.
You block the killer bee's attack. The killer bee stings you.
You block the killer bee's attack. The killer bee closely misses you.
The killer bee stings you but does no damage. x3
You miss the killer bee.
The killer bee is lightly wounded.
You miss the killer bee. You closely miss the killer bee.
The killer bee stings you but does no damage. x3
The killer bee completely misses you. The killer bee barely misses you.
The killer bee stings you.
* * * LOW HITPOINT WARNING * * *
The killer bee stings you.
* * * LOW HITPOINT WARNING * * *
The killer bee closely misses you.
The killer bee stings you but does no damage.
You hit the killer bee.
The killer bee is lightly wounded.
You miss the killer bee. You hit the killer bee. You miss the killer bee.
The killer bee barely misses you. The killer bee stings you.
* * * LOW HITPOINT WARNING * * *
The killer bee stings you but does no damage.
You block the killer bee's attack. The killer bee stings you!
You die...

# ##.##.###'###.....
y. #.....#.....#.....
y.. #.....#.....#.....
....#.....#.....#.....
...'.....'.....#.....
.#.....#.....#.....
#######'####.>###.....
#....yy...##..# ...###
#....@y...#...#
..'...).y...# ..#
###.........# ###
.......#####...
....... ... ...####
.... ... >. ..


You could see 4 killer bees.

Vanquished Creatures
  A phantom (D:4)
  A scorpion (D:4)
  2 iguanas
  A hound skeleton (D:4)
  4 gnolls
  An adder (D:3)
  An ufetubus (D:4)
  An adder skeleton (D:2)
  2 worms (D:2)
  A dart slug (D:1)
  4 orcs (D:4)
  5 bats
  9 endoplasms
  2 giant cockroaches (D:1)
  11 goblins
  6 hobgoblins
  8 jackals
  11 kobolds
  3 quokkas (D:1)
  7 ball pythons
  A frilled lizard (D:1)
  5 rats
87 creatures vanquished.

Vanquished Creatures (others)
  8 plants (D:1)
8 creatures vanquished.

Grand Total: 95 creatures vanquished

Notes
Turn   | Place    | Note
-------+----------+-------------------------------------------
     0 | D:1      | bande the Gargoyle Fighter began the quest for the Orb.
     0 | D:1      | Reached XP level 1. HP: 14/14 MP: 1/1
    74 | D:1      | Reached XP level 2. HP: 16/19 MP: 2/2
   437 | D:1      | Reached XP level 3. HP: 21/23 MP: 3/3
   873 | D:2      | Upgraded the game from 0.28-a0-691-gad6df49e81 to
                  | 0.28-a0-697-g47f3eba078
   936 | D:2      | Found Lor Mamo's Antique Armour Emporium.
  1207 | D:2      | Reached XP level 4. HP: 28/28 MP: 4/4
  1432 | D:2      | Found a glowing silver altar of Zin.
  2172 | D:3      | Reached XP level 5. HP: 33/33 MP: 5/5
  3156 | D:4      | Reached XP level 6. HP: 24/38 MP: 6/6
  3402 | D:4      | Reached skill level 1 in Evocations
  3754 | D:4      | Found a glowing golden altar of the Shining One.
  4140 | D:4      | Slain by a killer bee

Illustrated notes

Levels and vault maps discovered:
D:1:      dpeg_arrival_short_road, layout_loops_ring, serial_forest,
          infiniplex_forest_clump_double, infiniplex_forest_lined_corner,
          infiniplex_forest_lined_1, infiniplex_forest_straight_3,
          infiniplex_forest_lined_corner, infiniplex_forest_lined_3
D:2:      layout_basic, basic_altar, serial_shops, shop
D:3:      layout_basic, minmay_stone_trees_small
D:4:      layout_gridville, lemuel_crystal_altar

Skill      XL: |  1  2  3  4  5  6 |
---------------+-------------------+-----
Axes           | 2 3 4 |  4.2
Armour         | 4 |  4.9
Shields        | 4 |  4.0
Fighting       | 4 |  4.1
Evocations     | 1 |  1.2

Action                   |  1- 3 |  4- 6 || total
-------------------------+-------+-------++-------
Melee: War axe           |   138 |   138 ||   276
  Use: Scroll            |       |     4 ||     4
       Potion            |       |     2 ||     2
Armor: Scale mail        |    93 |    99 ||   192
Dodge: Dodged            |    65 |   108 ||   173
Block: Buckler           |    27 |    50 ||    77

Table legend: (Time is in decaauts)
 A = Elapsed time spent in this place.
 B = Non-inter-level travel time spent in this place.
 C = Inter-level travel time spent in this place.
 D = Time resting spent in this place.
 E = Time spent auto-exploring this place.
 F = Levels seen in this place.
 G = Mean time per level.
                   A        B        C        D        E       F      G
               +--------+--------+--------+--------+--------+-----+--------+
         Total |   4244 |   4244 |      0 |   1338 |   2104 |   4 | 1061.0 |
       Dungeon |   4244 |   4244 |      0 |   1338 |   2104 |   4 | 1061.0 |
               +--------+--------+--------+--------+--------+-----+--------+

Top non-repeatable levels by time:
     D:2: 1530 daAuts
     D:4: 1101 daAuts
     D:1: 909 daAuts
     D:3: 703 daAuts
